 Dungeon Crawl Stone Soup version 0.23-a0-333-g006994f (webtiles) character file.

313 rabbit the Magician (level 6, -6/44 HPs)
             Began as a Gnoll Wizard on Oct 17, 2018.
             Mangled by a killer bee (7 damage)
             ... on level 7 of the Dungeon.
             The game lasted 00:15:49 (4758 turns).

rabbit the Magician (Gnoll Wizard)                  Turns: 4758, Time: 00:15:51

Health: -6/44      AC:  4    Str:  9    XL:     6   Next: 43%
Magic:  6/16       EV: 14    Int: 23    God:
Gold:   182        SH:  0    Dex: 13    Spells: 8/19 levels left

rFire    . . .     SeeInvis .   a - +1 short sword (protect)
rCold    . . .     Gourm    .   (no shield)
rNeg     . . .     Faith    .   r - +0 robe
rPois    .         Spirit   .   i - +1 hat
rElec    .         Reflect  .   (no cloak)
rCorr    +         Harm     .   (no gloves)
MR       .....                  x - +0 pair of boots
Stlth    ++++......             (no amulet)
HPRegen  0.14/turn              E - ring of stealth
MPRegen  0.15/turn              F - ring of resist corrosion

@: lethally poisoned (-6 -> -27)
A: distributed training, fangs 1, strong nose
a: no special abilities


You were on level 7 of the Dungeon.
You were hungry.

You visited 1 branch of the dungeon, and saw 5 of its levels.

You collected 182 gold pieces.

Inventory:

Hand Weapons
 a - a +1 short sword of protection (weapon)
 b - a +0 hunting sling
 k - a +2 mace of holy wrath
 A - a +0 short sword
Missiles
 j - 125 stones (quivered)
Armour
 e - a +0 robe
 i - a +1 hat (worn)
 r - a +0 robe (worn)
 x - a +0 pair of boots (worn)
 D - a +2 leather armour of positive energy
Jewellery
 E - a ring of stealth (left hand)
 F - a ring of resist corrosion (right hand)
Wands
 B - a wand of flame (21)
Scrolls
 l - a scroll of fog {unknown}
 o - a scroll of blinking {unknown}
 p - a scroll of enchant armour
 q - a scroll of magic mapping
 s - 4 scrolls of remove curse
 t - 2 scrolls of teleportation
 u - a scroll of immolation {unknown}
 y - 2 scrolls of amnesia {unknown}
Potions
 c - 2 potions of heal wounds {unknown}
 f - a potion of degeneration {unknown}
 g - 3 potions of lignification {unknown}
 h - 2 potions of mutation {unknown}
 m - a potion of magic {unknown}
 n - 4 potions of might {unknown}
 v - 3 potions of brilliance {unknown}
 w - a potion of curing {unknown}
 z - a potion of ambrosia {unknown}
 G - a potion of cancellation {unknown}
Comestibles
 d - 3 rations


   Skills:
 + Level 1.9 Fighting
 + Level 1.9 Short Blades
 + Level 1.9 Long Blades
 + Level 1.9 Axes
 + Level 1.9 Maces & Flails
 + Level 1.9 Polearms
 + Level 1.9 Staves
 + Level 1.9 Slings
 + Level 1.9 Bows
 + Level 1.9 Crossbows
 + Level 1.9 Throwing
 + Level 1.9 Armour
 + Level 5.0 Dodging
 + Level 4.6 Stealth
 + Level 1.9 Shields
 + Level 1.9 Unarmed Combat
 + Level 7.4 Spellcasting
 + Level 2.6 Conjurations
 + Level 1.5 Hexes
 + Level 1.5 Charms
 + Level 2.6 Summonings
 + Level 1.5 Necromancy
 + Level 2.6 Translocations
 + Level 1.5 Transmutations
 + Level 1.5 Fire Magic
 + Level 1.5 Ice Magic
 + Level 1.5 Air Magic
 + Level 1.5 Earth Magic
 + Level 1.5 Poison Magic
 + Level 2.1 Invocations
 + Level 1.9 Evocations


You had 8 spell levels left.
You knew the following spells:

 Your Spells              Type           Power        Failure   Level  Hunger
a - Magic Dart            Conj           ###.         2%          1    None
b - Blink                 Tloc           N/A          3%          2    None
c - Call Imp              Summ           ###.....     3%          2    None
d - Conjure Flame         Conj/Fire      ###.....     10%         3    None
e - Mephitic Cloud        Conj/Pois/Air  ###.....     10%         3    None

Your spell library contained the following spells:

 Spells                   Type           Power        Failure   Level  Hunger
 Slow                     Hex            ###.....     6%          2    None


Dungeon Overview and Level Annotations

Branches:
Dungeon (4/15)
 Temple: D:4-7

Altars:

Annotations:
D:3 Grinder
D:4 Blork the orc


Innate Abilities, Weirdness & Mutations

Your experience applies equally to all skills.
You have very sharp teeth.
Your uncanny sense of smell can sniff out nearby items.


Message History

The killer bee misses you. The killer bee stings you!
* * * LOW HITPOINT WARNING * * *
The killer bee barely misses you.
Casting: Blink (safe; 3% risk of failure)
Confirm with . or Enter, or press ? or * to list all spells.
You blink.
You feel sick.
Casting: Blink (safe; 3% risk of failure)
Confirm with . or Enter, or press ? or * to list all spells.
You blink.
The killer bee misses you. The killer bee stings you.
* * * LOW HITPOINT WARNING * * *
You are lethally poisoned!
The killer bee poisons you! The killer bee stings you.
* * * LOW HITPOINT WARNING * * *
You are more poisoned.
The killer bee poisons you! The killer bee barely misses you.
The killer bee stings you but does no damage.
The killer bee closely misses you. The killer bee stings you.
* * * LOW HITPOINT WARNING * * *
The killer bee stings you!
You die...

#. ##.## .# ...# #.#
#..# #.# #..# #.#
######..# #.#
#...§..y###.# #
#...##yy.##.###.#
#.....y@y.§....#...
#...##..y.#..........
#..# ##.#..##########
#.. #.##.# ... ..##.#
∆ ###. ####.# #.# #.
#.


You could see 6 killer bees.

Vanquished Creatures
  A hound (D:4)
  An orc wizard (D:4)
  Ijyb (D:3)
  Jessica (D:2)
  2 worker ants
  A gnoll (D:1)
  6 adders
  An ooze (D:1)
  3 worms
  A dart slug (D:1)
  2 leopard geckos
  7 orcs
  4 giant cockroaches
  4 goblins
  11 hobgoblins
  3 jackals (D:3)
  A quokka (D:1)
  2 ball pythons (D:2)
  6 bats
  4 frilled lizards
  8 kobolds
  A quokka skeleton (D:4)
  4 rats
75 creatures vanquished.

Notes
Turn   | Place    | Note
-------+----------+-------------------------------------------
     0 | D:1      | rabbit the Gnoll Wizard began the quest for the Orb.
     0 | D:1      | Reached XP level 1. HP: 13/13 MP: 8/8
   130 | D:1      | Reached XP level 2. HP: 19/19 MP: 6/10
   189 | D:1      | Learned a level 2 spell: Blink
   192 | D:1      | Learned a level 2 spell: Call Imp
   700 | D:1      | Reached XP level 3. HP: 25/25 MP: 8/11
   932 | D:1      | Reached skill level 1 in Invocations
  1194 | D:2      | Reached skill level 1 in Fighting
  1194 | D:2      | Reached skill level 1 in Short Blades
  1194 | D:2      | Reached skill level 1 in Long Blades
  1194 | D:2      | Reached skill level 1 in Axes
  1194 | D:2      | Reached skill level 1 in Maces & Flails
  1194 | D:2      | Reached skill level 1 in Polearms
  1194 | D:2      | Reached skill level 1 in Staves
  1194 | D:2      | Reached skill level 1 in Slings
  1194 | D:2      | Reached skill level 1 in Bows
  1194 | D:2      | Reached skill level 1 in Crossbows
  1194 | D:2      | Reached skill level 1 in Throwing
  1194 | D:2      | Reached skill level 1 in Armour
  1194 | D:2      | Reached skill level 1 in Shields
  1194 | D:2      | Reached skill level 1 in Unarmed Combat
  1194 | D:2      | Reached skill level 1 in Evocations
  1290 | D:2      | Reached XP level 4. HP: 32/32 MP: 11/13
  1394 | D:2      | Noticed Jessica
  1540 | D:1      | Learned a level 3 spell: Conjure Flame
  1544 | D:1      | Learned a level 3 spell: Mephitic Cloud
  1597 | D:2      | Killed Jessica
  1744 | D:2      | Reached skill level 1 in Hexes
  1744 | D:2      | Reached skill level 1 in Charms
  1744 | D:2      | Reached skill level 1 in Necromancy
  1744 | D:2      | Reached skill level 1 in Transmutations
  1744 | D:2      | Reached skill level 1 in Fire Magic
  1744 | D:2      | Reached skill level 1 in Ice Magic
  1744 | D:2      | Reached skill level 1 in Air Magic
  1744 | D:2      | Reached skill level 1 in Earth Magic
  1744 | D:2      | Reached skill level 1 in Poison Magic
  2024 | D:3      | Noticed Ijyb
  2050 | D:3      | Reached XP level 5. HP: 26/37 MP: 3/14
  2452 | D:3      | Noticed Grinder
  3673 | D:4      | Noticed Blork the orc
  3686 | D:3      | Paralysed by Grinder for 7 turns
  3955 | D:3      | Paralysed by Grinder for 2 turns
  4038 | D:3      | Killed Ijyb
  4038 | D:3      | Reached XP level 6. HP: 40/44 MP: 16/16
  4662 | D:4      | Reached skill level 5 in Dodging
  4753 | D:4      | You fall through a shaft for 3 floors!
  4758 | D:7      | HP: 2/44 [killer bee (6)]
  4758 | D:7      | Mangled by a killer bee

Vault maps used:
D:1:      dpeg_arrival_simpleton_c
D:2:      uniq_jessica
D:3:      uniq_ijyb, uniq_grinder
D:4:      uniq_blork_the_orc, uniq_crazy_yiuf_cottage
D:7:      lemuel_slime, nicolae_overflow_hidden_temple,
          minmay_temple_entry_statues_fountains, eino_tiny_chamber

Skill      XL: |  1  2  3  4  5  6 |
---------------+-------------------+-----
Conjurations   | 2 |  2.6
Summonings     | 2 |  2.6
Translocations | 2 |  2.6
Invocations    | 1 2 |  2.1
Fighting       | 1 |  1.9
Short Blades   | 1 |  1.9
Long Blades    | 1 |  1.9
Axes           | 1 |  1.9
Maces & Flails | 1 |  1.9
Polearms       | 1 |  1.9
Staves         | 1 |  1.9
Slings         | 1 |  1.9
Bows           | 1 |  1.9
Crossbows      | 1 |  1.9
Throwing       | 1 |  1.9
Armour         | 1 |  1.9
Shields        | 1 |  1.9
Unarmed Combat | 1 |  1.9
Evocations     | 1 |  1.9
Hexes          | 1 |  1.5
Charms         | 1 |  1.5
Necromancy     | 1 |  1.5
Transmutations | 1 |  1.5
Fire Magic     | 1 |  1.5
Ice Magic      | 1 |  1.5
Air Magic      | 1 |  1.5
Earth Magic    | 1 |  1.5
Poison Magic   | 1 |  1.5
Dodging        | 5 |  5.0
Stealth        | |  4.6
Spellcasting   | |  7.4

Action                   |  1- 3 |  4- 6 || total
-------------------------+-------+-------++-------
Melee: Short sword       |     4 |    46 ||    50
       Bite              |       |     5 ||     5
 Cast: Magic Dart        |    69 |   132 ||   201
       Mephitic Cloud    |       |     8 ||     8
       Blink             |       |    12 ||    12
  Use: Scroll            |       |     5 ||     5
 Stab: Sleeping          |     1 |     3 ||     4
       Confused          |       |     9 ||     9
  Eat: Chunk             |     1 |    10 ||    11
Armor: Robe              |       |    20 ||    20
Dodge: Dodged            |     4 |    50 ||    54

Table legend:
 A = Non-vault XP
 B = Vault XP
 C = Vault XP percentage of total XP
 D = Non-vault monster count
 E = Vault monster count
 F = Vault count percentage of total count
                 A         B        C        D         E       F
            +---------+---------+-------+---------+---------+-------
      Total |     373 |      75 |  16.7 |      73 |       2 |   2.7
            +---------+---------+-------+---------+---------+-------
        D:1 |      59 |       0 |   0.0 |      23 |       0 |   0.0
        D:2 |      40 |      37 |  48.1 |      12 |       1 |   7.7
        D:3 |     138 |      38 |  21.6 |      28 |       1 |   3.4
        D:4 |     136 |       0 |   0.0 |      10 |       0 |   0.0
            +---------+---------+-------+---------+---------+-------
